[Event "*** Monthly 3|2 Blitz Masters"]
[Site "Chess.com"]
[Date "2014.10.28"]
[Round "3"]
[White "KaydenTroffChess"]
[Black "GedoGluperd"]
[Result "1-0"]
[WhiteElo "2351"]
[BlackElo "2299"]
[TimeControl "180+2"]
[EndTime "12:27:46 PDT"]
[Termination "KaydenTroffChess won by resignation"]

1. d4 g6 2. c4 Bg7 3. Nf3 d6 4.
g3 Nf6 5. Bg2 O-O 6. O-O c6 7.
b3 e5 8. dxe5 dxe5 9. Bb2 e4 10.
Nfd2 e3 11. fxe3 Ng4 12. Bxg7 Kxg7 13. Qc2 Qg5 14. Qc3+ f6 15. Rf4 Na6 16. Ne4 Qe5 17. Qxe5 fxe5 18. Rxf8 Kxf8 19. Nbc3 Nxe3 20. Kf2 Ng4+ 21.
Kg1 Ne3 22. h3 Bf5 23. g4 Nxg2 24. gxf5 gxf5 25. Kxg2 fxe4 26. Rf1+ Ke7 27. Nxe4 Nb4 28. Rf5 Ke6 29. Rf6+ Ke7 30. Rf5 Ke6 31. Rh5 Rg8+ 32.
Kf3 Rg7 33. Rxh7 Rxh7 34. Ng5+ Kf5 35. Nxh7 Nxa2 36. e4+ Kg6 37. Nf8+ Kf6 38. Nd7+ Ke6 39. Nc5+ Kf6 40. Nxb7 Nc1 41. Na5 c5 42. Ke3 Kg5 43. Kd2 Na2 44. Nb7 Kh4 45. Nxc5 Nb4 46. Nd3 Nc6 47. b4 Kxh3 48. b5 Na5 49. c5 Kg3 50. c6 Nc4+ 51. Kc3 Nb6 52. Nxe5 Kf4 53. Kd4 Nc8 54.
Nc4 1-0

[Event "*** Monthly 3|2 Blitz Masters"]
[Site "Chess.com"]
[Date "2014.10.28"]
[Round "3"]
[White "gumersindo"]
[Black "chesstatour"]
[Result "1-0"]
[WhiteElo "2137"]
[BlackElo "1804"]
[TimeControl "180+2"]
[EndTime "12:28:24 PDT"]
[Termination "gumersindo won on time"]

1. d4 Nf6 2. c4 e5 3. dxe5 Ng4 4.
Bf4 Nc6 5. Nf3 Bb4+ 6. Nbd2 Qe7 7. e3 Ncxe5 8. Nxe5 Nxe5 9. Be2 d6 10. O-O Bxd2 11.
Qxd2 O-O 12. Rfc1 Ng6 13. Bg3 Rd8 14. b4 a5 15. a3 Bf5 16. Bf3 c6 17. Rd1 Ne5 18. Be2 Be6 19. Qc3 axb4 20. axb4 Rxa1 21. Rxa1 Qf6 22. Qd4 Nd7 23. Bxd6 Qxd4 24. exd4 Nf6 25. c5 Ne8 26. Be7 Rd7 27. Bg5 f6 28. Be3 f5 29. g3 Nf6 30. b5 Nd5 31. bxc6 bxc6 32. Ra6 Nb4 33. Rb6 Nc2 34. Rxc6 Bd5 35.
Rd6 Rxd6 36. cxd6 Kf7 37. Bd3 Ne1 38. Bxf5 Nf3+ 39. Kf1 Nxh2+ 40. Ke2 Bf3+ 41. Kd3 Ng4 42. d7 Ke7 43. Bg5+ Nf6 44. Bxf6+ gxf6 45. Ke3 Bc6 46.
Kf4 h6 47. Ke3 Bb5 48. d5 Bc4 49. Kd4 Bb3 50. Kc5 Ba4 51. Kb6 Bxd7 52. Bxd7 Kxd7 53.
Kc5 f5 54. d6 1-0

[Event "*** Monthly 3|2 Blitz Masters"]
[Site "Chess.com"]
[Date "2014.10.28"]
[Round "3"]
[White "brauliocuarta"]
[Black "DanielRensch"]
[Result "1-0"]
[WhiteElo "1971"]
[BlackElo "2332"]
[TimeControl "180+2"]
[EndTime "12:28:24 PDT"]
[Termination "brauliocuarta won by resignation"]

1. d4 Nf6 2. c4 e6 3. Nc3 Bb4 4. e3 O-O 5. Ne2 c5 6. a3 cxd4 7. exd4 Be7 8. d5 exd5 9. cxd5 Re8 10. g3 b6 11. Bg2 Bf8 12. O-O d6 13. Bf4 Nbd7 14.
Nb5 Ne5 15. Rc1 Bg4 16. f3 Bd7 17. Nc7 b5 18. Nxe8 Bxe8 19. Nd4 Qb6 20. Kh1 Nfd7 21. Nc6 h6 22. Bxe5 dxe5 23. f4 exf4 24. Rxf4 Bd6 25. Rf1 Nf8 26. Qe2 Bd7 27. Ne7+ Kh8 28. Rxf7 Re8 29. Rxf8+ Rxf8 30. Ng6+ Kg8 31. Nxf8 Bxf8 32. Rf1 Qd6 33. Qf3 Be7 34. Qf7+ Kh8 35. Be4 Bf6 36. Qg6 Kg8 37. Qh7+ Kf8 38. Qh8+ Ke7 39. Re1 Qe5 40. d6+ Kf7 41. Bg6+ Kxg6 42. Rxe5 Bxe5 43. Kg2 Bxd6 44. Qd8 Bc6+ 45. Kf1 Be5 46. Qe7 Bf6 47. Qxa7 Bd5 48.
Qc5 Bc4+ 49. Kf2 Bxb2 50. a4 1-0

[Event "*** Monthly 3|2 Blitz Masters"]
[Site "Chess.com"]
[Date "2014.10.28"]
[Round "3"]
[White "ruzomberok"]
[Black "Fischwitsch"]
[Result "0-1"]
[WhiteElo "2211"]
[BlackElo "2066"]
[TimeControl "180+2"]
[EndTime "12:28:37 PDT"]
[Termination "Fischwitsch won by resignation"]

1. d4 e6 2. c4 f5 3. Nc3 Nf6 4. e3 Bb4 5. Qc2 b6 6. Bd2 Bb7 7. f3 c5 8. Bd3 Nh5 9. O-O-O Nc6 10.
Nge2 a6 11. a3 cxd4 12. exd4 Be7 13. Kb1 Nf6 14. Bf4 Rc8 15. d5 Na5 16. d6 Bf8 17. b3 g6 18. Be5 Bg7 19. Na4 b5 20.
Nac3 bxc4 21. bxc4 Nxc4 22. Bxc4 Rxc4 23. Qb3 Rc8 24. Na4 Bd5 25. Rxd5 Rb8 26. Rd3 O-O 27.
Ka2 Rxb3 28. Rxb3 Qa5 29. Bxf6 Bxf6 30. Nb2 Qd2 31. Nc1 Qxg2 32. Rd1 Qxh2 33. Nd3 g5 34.
Nc5 Rf7 35. Rb8+ Kg7 36. Nxe6+ dxe6 37. d7 Qxb8 0-1

[Event "*** Monthly 3|2 Blitz Masters"]
[Site "Chess.com"]
[Date "2014.10.28"]
[Round "3"]
[White "mat_kolosowski"]
[Black "David_Klein"]
[Result "0-1"]
[WhiteElo "2342"]
[BlackElo "2356"]
[TimeControl "180+2"]
[EndTime "12:28:41 PDT"]
[Termination "David_Klein won by resignation"]

1. d4 Nf6 2. c4 e6 3. g3 d5 4. Nf3 Bb4+ 5. Bd2 Be7 6. Bg2 Nbd7 7. Qc2 c6 8. O-O b6 9. Rd1 Ba6 10. Ne5 Rc8 11. Qa4 Bxc4 12. Nxc6 b5 13. Qa6 Nb8 14. Nxb8 Rxb8 15. e3 Qd7 16. b3 Be2 17. Re1 Bd3 18. Rc1 O-O 19. Nc3 Rb6 20. Qa5 Qb7 21. Nd1 Ne4 22.
Be1 Bd6 23. Bxe4 Bxe4 24. Qc3 b4 25. Qd2 Qe7 26. Nb2 Bf3 27. Qd3 h5 28. Na4 Rbb8 29. Nc5 h4 30. Rc2 Bxc5 31. Rxc5 Qg5 32. Rac1 Be4 33. Qe2 hxg3 34. hxg3 Qf5 35. f4 Qh3 36.
Qh2 Qg4 37. R1c2 Bxc2 38. Rxc2 Rfc8 0-1

[Event "*** Monthly 3|2 Blitz Masters"]
[Site "Chess.com"]
[Date "2014.10.28"]
[Round "3"]
[White "dsanchez1973"]
[Black "WanderingPuppet"]
[Result "0-1"]
[WhiteElo "1839"]
[BlackElo "2068"]
[TimeControl "180+2"]
[EndTime "12:28:41 PDT"]
[Termination "WanderingPuppet won by resignation"]

1. e4 c5 2. Nf3 d6 3. d4 cxd4 4.
Nxd4 Nf6 5. Nc3 a6 6. Be3 e6 7. g4 h6 8. f3 b5 9. Qd2 Bb7 10. h4 Nbd7 11. Rg1 b4 12. Nce2 Nc5 13.
O-O-O Qc7 14. Ng3 d5 15. g5 Nfd7 16. Bh3 hxg5 17. Bxg5 Bd6 18. Ngf5 exf5 19. Nxf5 Be5 20. f4 Nxe4 21. Qe1 Bxf4+ 22. Kb1 Bxg5 23. Rxg5 g6 24.
Nd4 Nf6 25. Rg1 O-O 26. Bf5 Qf4 27. Rf1 Qg3 28. Qe2 Bc8 29. Rg1 Qf2 30. Qxf2 Nxf2 31. Rdf1 Nh3 32. Rg3 Bxf5 33. Nxf5 Kh8 34. Ne7 Rfe8 35.
Nxd5 Nxd5 36. Rxh3 Kg7 37. a3 bxa3 38. bxa3 Re5 39.
Kb2 Rb8+ 40. Ka2 a5 41. Rd3 Nf6 42. Rd6 Re6 43. Rd5 Nxd5 0-1

[Event "*** Monthly 3|2 Blitz Masters"]
[Site "Chess.com"]
[Date "2014.10.28"]
[Round "3"]
[White "vovkcoach"]
[Black "GMG"]
[Result "0-1"]
[WhiteElo "2509"]
[BlackElo "2349"]
[TimeControl "180+2"]
[EndTime "12:28:56 PDT"]
[Termination "GMG won by resignation"]

1. e4 c5 2. Nf3 e6 3. g3 Nc6 4.
Bg2 g6 5. O-O Bg7 6. c3 e5 7.
Na3 Nge7 8. d4 cxd4 9. cxd4 Nxd4 10. Nxd4 exd4 11. Nb5 O-O 12. Bf4 Nc6 13. Bd6 Re8 14. Nc7 Re6 15. Nxe6 dxe6 16. Ba3 e5 17. Qb3 Qc7 18.
Rfc1 Be6 19. Qa4 Bh6 20. Rc2 Qd7 21. Rd1 Bg4 22. f3 Be3+ 23. Kh1 Bh3 24. Qb3 Bxg2+ 25. Kxg2 Qc7 26. Bb4 Kg7 27. Bd2 Bxd2 28. Rdxd2 Rf8 29. Qb5 f5 30. exf5 Rxf5 31. Qd3 Qf7 32. a3 h5 33. h4 a5 34. Qe4 Qb3 35. Qd3 Qf7 36.
Rc5 Qe7 37. Rb5 e4 38. fxe4 Rxb5 39. Qxb5 Qxe4+ 40. Kh2 Ne5 41. Re2 Ng4+ 42. Kg1 Qb1+ 43. Kg2 Ne3+ 44. Kh2 Qe4 45. Qd7+ Kh6 46. Kg1 Qb1+ 47.
Kh2 Qf1 48. Rxe3 Qf2+ 49. Kh3 dxe3 50. Qd4 Qf1+ 51. Kh2 Qe2+ 52. Kh1 Qe1+ 53. Kh2 Qd2+ 0-1

[Event "*** Monthly 3|2 Blitz Masters"]
[Site "Chess.com"]
[Date "2014.10.28"]
[Round "3"]
[White "XeresLt"]
[Black "lorcho"]
[Result "0-1"]
[WhiteElo "2279"]
[BlackElo "2515"]
[TimeControl "180+2"]
[EndTime "12:29:11 PDT"]
[Termination "lorcho won by checkmate"]

1. e4 e6 2. d4 d5 3. Nc3 Nf6 4. e5 Nfd7 5. f4 c5 6. Nf3 Nc6 7. Be3 a6 8. Qd2 cxd4 9. Nxd4 Bc5 10. Nce2 O-O 11. O-O-O Qb6 12. c3 f6 13. b4 Nxb4 14.
cxb4 Bxb4 15. Qb2 Qa5 16. Nc2 Bc5 17. exf6 Bxe3+ 18. Nxe3 Nxf6 19. Nd4 Bd7 20. Kb1 Ne4 21. Nb3 Qb4 22. Nc2 Nc3+ 23. Kc1 Qxf4+ 24. Rd2 Rac8 25. Bd3 Bb5 26. Bxb5 axb5 27. Qa3 b4 28. Qa7 Ne4 29. Rd1 Rc3 30. Qd4 Qg5 31. Kb2 Nxd2 32. Rxd2 Rc4 33.
Qg1 Rfc8 34. Qd1 Qe5+ 35. Kb1 Rc3 36. Ncd4 Re3 37. Rc2 Qe4 38. Kb2 Rcc3 39. Rd2 Re1 40. Qh5 Rb1# 0-1

[Event "*** Monthly 3|2 Blitz Masters"]
[Site "Chess.com"]
[Date "2014.10.28"]
[Round "3"]
[White "Time2Pretend"]
[Black "GeorgMeier"]
[Result "0-1"]
[WhiteElo "2324"]
[BlackElo "2525"]
[TimeControl "180+2"]
[EndTime "12:29:26 PDT"]
[Termination "GeorgMeier won by resignation"]

1. d4 e6 2. c4 Nf6 3. Nc3 d5 4.
cxd5 exd5 5. Bg5 c6 6. Qc2 Nbd7 7. e3 Be7 8. Bd3 h6 9. Bh4 Nh5 10. Bxe7 Qxe7 11. Nge2 Nb6 12. Na4 Qb4+ 13. Nec3 Nxa4 14. Qxa4 Qxb2 15. Nd1 Qxa1 16. O-O O-O 17. Qc2 Nf6 18.
Nc3 Qxf1+ 19. Kxf1 Be6 20. Na4 b6 21. Qxc6 Bd7 22. Qc2 Rfc8 23. Nc3 Rc7 24. Qb2 Rac8 25. Ne2 Ba4 26. f3 b5 27. g4 a6 28. h4 Bc2 29.
Bxc2 Rxc2 30. Qa3 Re8 31. Kf2 Re6 32. g5 hxg5 33. hxg5 Nh5 34. f4 Ng3 35. Kxg3 Rxe2 36. Qc5 R6xe3+ 37. Kg4 Rg2+ 38. Kh4 g6 39. Qxd5 Rge2 40.
Qd8+ Re8 41. Qd7 R2e7 42. Qc6 Rd8 43. d5 Red7 44. f5 Rd6 45. Qc2 gxf5 46. Kh5 Rxd5 47. g6 fxg6+ 48. Kxg6 f4 49. Qc7 R8d6+ 0-1

[Event "*** Monthly 3|2 Blitz Masters"]
[Site "Chess.com"]
[Date "2014.10.28"]
[Round "3"]
[White "JamesColeman"]
[Black "THORK"]
[Result "1/2-1/2"]
[WhiteElo "2337"]
[BlackElo "2153"]
[TimeControl "180+2"]
[EndTime "12:29:26 PDT"]
[Termination "Game drawn - insufficient material"]

1. d4 Nf6 2. Nf3 c5 3. c3 d5 4. Bg5 Ne4 5. Bf4 Qb6 6. Qb3 c4 7. Qxb6 axb6 8. Nbd2 Nxd2 9. Nxd2 b5 10. e4 e6 11. Be2 Bd7 12. exd5 exd5 13. Bf3 Be6 14. Nf1 Nc6 15. Ne3 Rd8 16. a3 f6 17. O-O g5 18.
Bg3 h5 19. h4 g4 20. Bd1 Bh6 21. Bc2 Ne7 22. Rae1 Kf7 23. f3 gxf3 24. Rxf3 Rd7 25. Ref1 Bxe3+ 26. Rxe3 Bg4 27. Rxf6+ Kxf6 28. Be5+ Kf7 29.
Bxh8 Ng6 30. Bxg6+ Kxg6 31. Re1 Bf5 32. Be5 Be4 33.
Rf1 Rf7 34. Rxf7 Kxf7 35. Kf2 Ke6 36. g4 hxg4 37. Kg3 Kf5 38. Bf4 Bf3 39. h5 Bd1 40. h6 Kg6 41. Be3 Be2 42. Kf4 Kxh6 43. Ke5+ Kh5 44. Kxd5 Bf3+ 45. Kd6 g3 46. d5 Kg4 47. Ke6 Be4 48. d6 Bf5+ 49. Ke7 Kf3 50. Bd4 Ke4 51. d7 Bxd7 52. Kxd7 Kd3 53. Kc7 Kc2 54. Kb6 Kxb2 55. Kxb5 Kxa3 56. Kxc4 Ka4 57. Bb6 g2 58. Bg1 b5+ 59. Kc5 Kb3 60. Kd4 Kc2 61.
Be3 Kb3 62. Kd3 Kb2 63. Bc5 Kb3 64. Bg1 Kb2 65. Kd2 Kb3 66. Bh2 Kb2 67. Kd3 Kb3 68. Kd4 Kc2 69. Bg1 Kb3 70. Be3 Kb2 71. c4 bxc4 72.
Kxc4 g1=Q 73. Bxg1 1/2-1/2

[Event "*** Monthly 3|2 Blitz Masters"]
[Site "Chess.com"]
[Date "2014.10.28"]
[Round "3"]
[White "liczner"]
[Black "Alexander_Donchenko"]
[Result "0-1"]
[WhiteElo "2407"]
[BlackElo "2325"]
[TimeControl "180+2"]
[EndTime "12:30:16 PDT"]
[Termination "Alexander_Donchenko won on time"]

1. e4 c6 2. d4 d5 3. exd5 cxd5 4. c4 f6 5. Nc3 dxc4 6. Bxc4 e6 7. Nf3 Ne7 8. O-O Nd5 9. Re1 Be7 10. Qb3 Nc7 11. Bf4 Bd6 12. Bxd6 Qxd6 13. Nb5 Nxb5 14. Qxb5+ Kf7 15.
Re3 a6 16. Qh5+ g6 17. Qh6 Nc6 18. Rae1 Nd8 19. d5 e5 20. Nxe5+ fxe5 21. Rxe5 Bd7 22. Re7+ Qxe7 23. Rxe7+ Kxe7 24. Qg7+ Nf7 25. d6+ Kxd6 26. Bxf7 Rac8 27. Qf6+ Kc7 28. Qe5+ Kb6 29. Qd4+ Kc7 30. Qe5+ Kb6 31. Qd4+ Kc7 32. h4 Bc6 33. Qe5+ Kb6 34. Qd4+ Kc7 35. Be6 Rcd8 36. Qf4+ Kb6 37. Qe3+ Kc7 38.
a4 Kb8 39. Qf4+ Ka8 40. a5 Rhe8 41. Bc4 Re4 42. Qf7 Rxh4 43. f3 Rhd4 44. b3 Rd1+ 45. Kh2 R1d7 46. Qf6 Rd6 47. Qe7 h5 48. Qc7 g5 49. Qe7 g4 50. fxg4 hxg4 51. Kg3 Rd2 52.
Bf1 Re8 53. Qc7 Re3+ 54. Kh4 g3 55. Bxa6 Rd4+ 56. Kg5 Rxb3 57. Bf1 Rd7 58. Qc8+ Ka7 59. Qg8 Ra3 0-1

[Event "*** Monthly 3|2 Blitz Masters"]
[Site "Chess.com"]
[Date "2014.10.28"]
[Round "3"]
[White "GMHess"]
[Black "Palacios-LLera"]
[Result "1-0"]
[WhiteElo "2439"]
[BlackElo "2208"]
[TimeControl "180+2"]
[EndTime "12:30:24 PDT"]
[Termination "GMHess won by resignation"]

1. Nf3 d5 2. g3 c6 3. Bg2 Bg4 4.
O-O Nd7 5. d3 e5 6. Nbd2 Be7 7.
e4 dxe4 8. dxe4 Ngf6 9. h3 Bh5 10.
c3 O-O 11. Qe2 Re8 12. Rd1 Qc7 13. g4 Bg6 14. Nh4 Nc5 15. Nf5 Bf8 16. Nc4 b5 17. Na3 Ne6 18. Nc2 Rad8 19. Be3 Nd7 20. Nb4 f6 21. h4 a5 22. Nc2 Nb6 23. b3 Bf7 24.
g5 fxg5 25. hxg5 a4 26. Nb4 Nf4 27. Bxf4 exf4 28. Nd4 Rxd4 29. Rxd4 c5 30. Rdd1 cxb4 31. cxb4 axb3 32. axb3 Bxb3 33. Rdc1 Bc4 34. Qh5 g6 35. Qg4 Bg7 36. Ra5 Qb8 37. Ra6 Be5 38. Rd1 Be6 39.
Qh4 Nc4 40. Rxe6 Rxe6 41. Rd7 Bg7 42. Qg4 Qe8 43. Rd5 Ne5 44. Qd1 f3 45. Rd8 fxg2 46. Rxe8+ Rxe8 47. Qd5+ Kh8 48. Qxb5 Rf8 49. Kxg2 Nf3 50.
Qd5 Ne1+ 51. Kf1 Nf3 52. b5 Bd4 53. Ke2 Be5 54. b6 Nd4+ 55. Kd3 Nf3 56. b7 Kg7 57. Qd7+ Rf7 58. Qc8 Rf8 59. Qd7+ Rf7 60. Qd5 Bh2 61. Ke2 Be5 62. Qxe5+ Nxe5 63. b8=Q Nf3 64. Qd8 Ne5 65. Qd4 Re7 66. f4 Kf7 67. fxe5 Ke8 68. Qd5 Kf8 69. e6 1-0

[Event "*** Monthly 3|2 Blitz Masters"]
[Site "Chess.com"]
[Date "2014.10.28"]
[Round "3"]
[White "SabinaFoisor"]
[Black "Danesz22"]
[Result "0-1"]
[WhiteElo "2268"]
[BlackElo "2472"]
[TimeControl "180+2"]
[EndTime "12:30:25 PDT"]
[Termination "Danesz22 won by resignation"]

1. d4 Nf6 2. c4 g6 3. Nc3 Bg7 4. e4 d6 5. Nf3 O-O 6. Be2 Na6 7. O-O e5 8. d5 Nc5 9. Qc2 a5 10. Rb1 Nh5 11. Ne1 Nf4 12. b3 f5 13. f3 fxe4 14.
fxe4 Bd7 15. a3 a4 16. b4 Nb3 17. Be3 Nd4 18. Bxd4 exd4 19. Nb5 Qg5 20. Bf3 d3 21. Nxd3 Bxb5 22. cxb5 Bd4+ 23. Kh1 Nxd3 24. Qxd3 Be5 25.
Be2 Rxf1+ 26. Rxf1 Rf8 27. Rxf8+ Kxf8 28. g3 Qc1+ 29.
Kg2 Qc3 30. Qxc3 Bxc3 31. Bd1 Bb2 32. Bxa4 Bxa3 33. b6 cxb6 34. b5 Ke7 35. Kf3 Kf6 36. Bd1 Bc1 37. Ke2 Ke5 38. Kd3 Ba3 39. Bf3 Bc5 40.
Bg4 Bg1 41. h3 Bf2 42. Be6 Bxg3 43. Bg8 h6 44. Bh7 g5 45. Bf5 Bf2 46. Bg4 Bd4 47. Bh5 Ba1 48. Ke3 Bd4+ 49. Kd3 Bc5 50. Bg4 Kf4 51.
Bf5 Ba3 52. Bg4 Bb2 53. Bf5 Be5 54. Bg4 Bg7 55. Bc8 h5 56. Bxb7 g4 57. hxg4 Kxg4 58.
Ke2 Kg3 59. Kf1 Bd4 60. e5 h4 61. Bc8 h3 62. Bxh3 Kxh3 63. exd6 Kg4 64. d7 Bf6 65. Ke2 Kf5 66. Kd3 Ke5 67. Kc4 Bd8 68. d6 Kxd6 69. Kd4 Kxd7 70. Kd5 Bc7 71. Kc4 Kd6 72. Kd4 Bd8 0-1

[Event "*** Monthly 3|2 Blitz Masters"]
[Site "Chess.com"]
[Date "2014.10.28"]
[Round "3"]
[White "VovAn1991"]
[Black "exoticprincess"]
[Result "0-1"]
[WhiteElo "2374"]
[BlackElo "2543"]
[TimeControl "180+2"]
[EndTime "12:30:39 PDT"]
[Termination "exoticprincess won by resignation"]

1. e4 c6 2. d4 d5 3. Nc3 dxe4 4.
Nxe4 Bf5 5. Ng3 Bg6 6. Nh3 e6 7.
Nf4 Qc7 8. h4 Bd6 9. h5 Bxc2 10.
Nxe6 Bxd1 11. Nxc7+ Bxc7 12. Kxd1 Bxg3 13. fxg3 Nd7 14. d5 cxd5 15. Bf4 Ngf6 16. h6 g6 17. Rc1 Ne4 18. Rg1 g5 19. Be3 Kd8 20. Bd4 Re8 21.
Bd3 f6 22. g4 Rc8 23. Rxc8+ Kxc8 24. Rf1 Kc7 25. Rf5 Kd6 26. Bb5 a6 27. Ba4 b5 28.
Bb3 Ne5 29. a4 Re6 30. a5 Nc5 31. Bc2 Nxg4 32. Rf3 Ne4 33. b4 Ne5 34. Rf5 Ng4 35. Bb3 Ne5 36. Bc2 Nc4 37. Bd3 Ne5 38. Bc2 Ke7 39. Bb3 Nd6 40. Rf2 Nec4 41. Bc2 Ne4 42. Rf5 Rd6 43. Ke1 Kf7 44. Bd3 Ke6 45. Rf1 Ne5 46.
Bc2 Rc6 47. Kd1 f5 48. Bb3 Nd3 49. g4 Rc1+ 50. Ke2 Nf4+ 51. Rxf4 gxf4 52. gxf5+ Kxf5 53. Bxd5 Nc3+ 54. Kd2 Nxd5 55. Kxc1 Nxb4 56. Kd2 Ke4 57. Bb6 Nd5 58. Bc5 f3 59. Ke1 b4 60. Kd2 b3 0-1

[Event "*** Monthly 3|2 Blitz Masters"]
[Site "Chess.com"]
[Date "2014.10.28"]
[Round "3"]
[White "jbj"]
[Black "ilmago"]
[Result "1-0"]
[WhiteElo "2290"]
[BlackElo "1710"]
[TimeControl "180+2"]
[EndTime "12:31:27 PDT"]
[Termination "jbj won by resignation"]

1. Nf3 c5 2. g3 g6 3. Bg2 Bg7 4.
O-O Nc6 5. c3 Nf6 6. d4 cxd4 7.
Nxd4 O-O 8. e4 d6 9. Nxc6 bxc6 10. Be3 Qc7 11. Na3 Ba6 12. Re1 Rab8 13. Rb1 c5 14. h3 Rfd8 15. Qc1 Bd3 16. Ra1 Bxe4 17. Bf1 Bf5 18. Nb5 Qb6 19. b4 Nd5 20. bxc5 dxc5 21. Bh6 a6 22. Bxg7 Kxg7 23. c4 axb5 24. cxd5 Rd7 25.
Qc3+ f6 26. g4 b4 27. Qb3 Bxg4 28. hxg4 Qd6 29. Bg2 Qf4 30. Re4 Qg5 31. Rae1 Kf8 32. d6 e5 33. Qe6 Rbd8 34. Rd1 Rf7 35. Rc4 f5 36. Bd5 Rg7 37. Qxe5 h5 38. Qe3 Qf6 39. Rxc5 hxg4 40. Rc7 Qxd6 41. Rxg7 Kxg7 42. Qd4+ Kh6 43. Kg2 f4 44. Rh1+ Kg5 45. Rd1 Re8 46. Bb7 f3+ 47. Kg1 Qxd4 48. Rxd4 Re1+ 49. Kh2 Re2 50. Kg3 Rxa2 51.
Rxg4+ Kf6 52. Rxb4 Ra5 53. Bxf3 Rg5+ 54. Kf4 Rf5+ 55. Ke3 Re5+ 56. Be4 g5 57. Rb6+ Ke7 58. Kd4 Ra5 59. Rg6 Kf7 60. Rh6 Kg7 61. Rh7+ Kf6 62. Rh8 Ra4+ 63. Ke3 Ra3+ 64. Bd3 Ra4 65. Re8 Rb4 66. Re4 Rb2 67. Kf3 Rb3 68. Re3 Rb4 69.
Kg3 Ra4 70. f3 Rb4 71. Be4 Rb2 72. Rc3 Rb6 73. Rc6+ 1-0

[Event "*** Monthly 3|2 Blitz Masters"]
[Site "Chess.com"]
[Date "2014.10.28"]
[Round "4"]
[White "chesstatour"]
[Black "ilmago"]
[Result "0-1"]
[WhiteElo "1794"]
[BlackElo "1786"]
[TimeControl "180+2"]
[EndTime "12:35:44 PDT"]
[Termination "ilmago won by resignation"]

1. c4 Nf6 2. Nc3 g6 3. Nf3 Bg7 4.
d4 d6 5. e4 O-O 6. Be2 e5 7. Kf1 Nc6 8. d5 Ne7 9. h3 Nd7 10. g3 f5 11. Kg2 Nf6 12. Qc2 fxe4 13. Ng5 Nf5 14. Ngxe4 Nd4 15. Qd1 Nxe4 16. Nxe4 Bf5 17.
Ng5 h6 18. Nf3 Be4 19. Kh2 Nxf3+ 0-1

[Event "*** Monthly 3|2 Blitz Masters"]
[Site "Chess.com"]
[Date "2014.10.28"]
[Round "4"]
[White "JamesColeman"]
[Black "oggy1984"]
[Result "0-1"]
[WhiteElo "2323"]
[BlackElo "2226"]
[TimeControl "180+2"]
[EndTime "12:36:52 PDT"]
[Termination "oggy1984 won by resignation"]

1. d4 Nf6 2. Nf3 g6 3. Nc3 d5 4.
Bf4 Bg7 5. Qd2 Bf5 6. Bh6 O-O 7. h4 Ne4 8. Nxe4 dxe4 9. Bxg7 Kxg7 10. Ne5 Nd7 11.
Nxd7 Qxd7 12. h5 f6 13. O-O-O g5 14. h6+ Kh8 15. e3 Rfd8 16. Kb1 c5 17. c3 cxd4 18. Qxd4 Qe8 19. Bb5 Rxd4 20. Bxe8 Rxd1+ 21. Rxd1 Rxe8 22. Kc1 Kg8 23. Rd5 Be6 24. Ra5 a6 25. a4 Rd8 26.
b4 Kf7 27. b5 Bc8 28. bxa6 bxa6 29. Kc2 Bb7 30. c4 Ke6 31. Kb2 Kd6 32. Kc3 Rc8 33.
Kd4 e5+ 34. Kc3 Rc5 0-1

[Event "*** Monthly 3|2 Blitz Masters"]
[Site "Chess.com"]
[Date "2014.10.28"]
[Round "4"]
[White "DanielRensch"]
[Black "KingPetrosian"]
[Result "1-0"]
[WhiteElo "2335"]
[BlackElo "2066"]
[TimeControl "180+2"]
[EndTime "12:37:47 PDT"]
[Termination "DanielRensch won by resignation"]

1. e4 c5 2. Nf3 d6 3. d4 cxd4 4.
Nxd4 Nf6 5. Nc3 a6 6. Be3 e5 7. Nb3 Be7 8. h3 Be6 9. Qf3 Nc6 10. g4 d5 11. O-O-O d4 12. Bg5 Nb4 13. a3 Nxc2 14. Kxc2 Qb6 15. Nd5 Qc6+ 16. Kb1 Nxd5 17. Bxe7 Nxe7 18.
Rc1 Qd6 19. Nc5 Rc8 20. Nxe6 Rxc1+ 21. Kxc1 fxe6 22. Qb3 Qd7 23. Bc4 Qc6 24. Kb1 Qxe4+ 25. Ka2 Qxh1 26. Bxe6 Rf8 27. Qb4 Qc6 28. Bb3 Rxf2 29.
Ba4 b5 30. Bb3 Qc1 31. Be6 d3 1-0

[Event "*** Monthly 3|2 Blitz Masters"]
[Site "Chess.com"]
[Date "2014.10.28"]
[Round "4"]
[White "mokerslag"]
[Black "vovkcoach"]
[Result "0-1"]
[WhiteElo "2302"]
[BlackElo "2513"]
[TimeControl "180+2"]
[EndTime "12:38:30 PDT"]
[Termination "vovkcoach won by resignation"]

1. e4 c5 2. Nf3 e6 3. d4 cxd4 4.
Nxd4 a6 5. Nc3 Qc7 6. g3 Bb4 7. Bd2 Nf6 8. Bg2 Nc6 9. Nb3 Be7 10. O-O O-O 11. a4 b6 12. Be3 Bb7 13. f4 d6 14.
g4 Rac8 15. g5 Nd7 16. Rf3 Rfe8 17. Rh3 g6 18. Qe1 Nb4 19. Qh4 h5 20. Bf3 Bf8 21. Bxh5 gxh5 22. Qxh5 Bg7 23. f5 exf5 24. Bd4 Ne5 25. Rf1 Nxc2 26. g6 Nxd4 27. Nxd4 Qc5 28. gxf7+ Nxf7 29. Ne2 Bxd4+ 30. Nxd4 Qxd4+ 31. Rf2 Rc1+ 0-1

[Event "*** Monthly 3|2 Blitz Masters"]
[Site "Chess.com"]
[Date "2014.10.28"]
[Round "4"]
[White "Palacios-LLera"]
[Black "MichiganEagle"]
[Result "0-1"]
[WhiteElo "2202"]
[BlackElo "2293"]
[TimeControl "180+2"]
[EndTime "12:38:43 PDT"]
[Termination "MichiganEagle won by resignation"]

1. d4 Nf6 2. Nf3 d6 3. Bg5 Nbd7 4. Nbd2 h6 5. Bh4 e6 6. e4 g5 7. Bg3 Nh5 8. c3 Bg7 9. Bc4 Qe7 10. O-O c6 11. a4 d5 12. exd5 cxd5 13. Bb3 Nxg3 14.
fxg3 O-O 15. Qe2 Qd6 16. Rae1 b6 17. Qd3 Bb7 18. Bc2 f5 19. g4 Nf6 20. gxf5 Ne4 21. fxe6 Qxe6 22. Qe3 Rae8 23. Bd3 a6 24. h3 Qc6 25.
Ne5 Qxa4 26. Nxe4 dxe4 27. Bxe4 Rxf1+ 28. Rxf1 Bxe4 29. Qxe4 Rxe5 30. Qb7 Re8 31. Qxb6 Qb5 32. Qg6 Rf8 33. Rxf8+ Kxf8 34. Qc2 Qc4 35. Qf5+ Kg8 36. Qc8+ Qxc8 0-1

[Event "*** Monthly 3|2 Blitz Masters"]
[Site "Chess.com"]
[Date "2014.10.28"]
[Round "4"]
[White "WanderingPuppet"]
[Black "Th3ChessViking"]
[Result "0-1"]
[WhiteElo "2066"]
[BlackElo "2380"]
[TimeControl "180+2"]
[EndTime "12:39:12 PDT"]
[Termination "Th3ChessViking won by resignation"]

1. e4 e6 2. d4 d5 3. Nc3 Bb4 4.
e5 Qd7 5. Qg4 Bf8 6. Be3 b6 7. Bb5 Nc6 8. f4 Nh6 9. Qh3 a6 10. Bd3 Nb4 11. Nf3 Bb7 12. O-O Nxd3 13. cxd3 O-O-O 14. Rfc1 Kb8 15. a3 Be7 16. b4 Nf5 17.
Bf2 h5 18. Rab1 f6 19. a4 Rdg8 20. a5 b5 21. Na2 g5 22. fxg5 fxg5 23. g4 hxg4 24. Qxg4 Nh6 25. Qg2 Rf8 26. Nd2 Nf5 27. Nb3 Rf7 28. Kh1 Rfh7 29. Bg1 g4 30. Rb2 g3 31.
Qf3 Bg5 32. Rcc2 Qg7 33. Rg2 Rh3 34. Qg4 Qh6 35. Nc5 Bc8 36. Nc3 Be3 37. N3e4 Bxg1 38. Kxg1 Qc1+ 0-1

[Event "*** Monthly 3|2 Blitz Masters"]
[Site "Chess.com"]
[Date "2014.10.28"]
[Round "4"]
[White "mat_kolosowski"]
[Black "marabu44"]
[Result "1-0"]
[WhiteElo "2347"]
[BlackElo "2222"]
[TimeControl "180+2"]
[EndTime "12:39:19 PDT"]
[Termination "mat_kolosowski won by checkmate"]

1. d4 e6 2. c4 f5 3. Nf3 Nf6 4.
g3 d5 5. Bg2 c6 6. O-O Bd6 7.
Qc2 O-O 8. b3 Qe7 9. Bb2 Ne4 10.
e3 Nd7 11. Nc3 Ndf6 12. Ne2 a5 13. Nf4 Bxf4 14. exf4 h6 15. Ne5 Qe8 16. Ba3 c5 17. dxc5 Nd7 18. Nxd7 Bxd7 19. cxd5 exd5 20. c6 Bxc6 21.
Bxf8 Qxf8 22. Rad1 Rd8 23. Rfe1 Kh7 24. Rd4 Qf6 25. Red1 Re8 26. Bf1 g5 27. fxg5 hxg5 28. Rxd5 Bxd5 29. Rxd5 Kg6 30. Rxa5 Qb6 31. Rd5 Rc8 32.
Bc4 Qb4 33. Qe2 Rc6 34. g4 Nc3 35. Qe8+ Kh6 36. Qh5+ Kg7 37. Qxg5+ Rg6 38. Rd7+ Kh8 39. Qd8+ Rg8 40. Qxg8# 1-0

[Event "*** Monthly 3|2 Blitz Masters"]
[Site "Chess.com"]
[Date "2014.10.28"]
[Round "4"]
[White "GMG"]
[Black "Nouki"]
[Result "1-0"]
[WhiteElo "2388"]
[BlackElo "2593"]
[TimeControl "180+2"]
[EndTime "12:39:33 PDT"]
[Termination "GMG won by resignation"]

1. c4 Nf6 2. Nc3 e5 3. Nf3 Nc6 4. g3 Bc5 5. Bg2 O-O 6. O-O d6 7. e3 a6 8. h3 h6 9. d4 exd4 10.
Nxd4 Bd7 11. Nxc6 Bxc6 12. Bxc6 bxc6 13. Na4 Ba7 14. Qf3 Qd7 15. Kg2 d5 16. b3 Ne4 17.
Rd1 Rfe8 18. Bb2 Rad8 19. Rac1 Re6 20. c5 Rde8 21. Bd4 Ng5 22. Qg4 f5 23. Qxf5 Rf8 24. Qg4 Qf7 25. f4 Ne4 26. f5 Qxf5 27. Rf1 Qxg4 28. Rxf8+ Kxf8 29. Rf1+ Kg8 30. hxg4 Rg6 31.
Rf4 h5 32. Rxe4 dxe4 33. gxh5 Rg5 34. b4 Rxh5 35. Nc3 a5 36. a3 axb4 37. axb4 Kf7 38. Nxe4 g6 39. g4 Rh4 40. Nf2 Ke6 41.
e4 Rh7 42. Kf3 Rd7 43. Ke3 Rd8 44. Nh3 Ra8 45. Nf4+ Kf7 46. e5 Rg8 47. e6+ Ke7 48. g5 Rb8 49. Bf6+ Ke8 50. Bc3 Ke7 51. Ke4 Rg8 52.
Bf6+ Ke8 53. Ke5 Bb8 54. Ne2 1-0